 Dungeon Crawl Stone Soup version 0.30-a0-702-gdf48620a09 (webtiles) character file.

Game seed: 125819606416782410

49155 Leeroy the Fencer (level 14, -2/79 HPs)
             Began as a Tengu Warper on Jan 21, 2023.
             Was a High Priest of Wu Jian.
             Slain by an alligator snapping turtle (14 damage)
             ... on level 2 of the Shoals.
             The game lasted 00:40:50 (16893 turns).

Leeroy the Fencer (Tengu Warper)                   Turns: 16893, Time: 00:40:50

Health: -2/79      AC: 18    Str: 11    XL:     14   Next: 49%
Magic:  29/29      EV: 23    Int: 11    God:    Wu Jian [*****.]
Gold:   835        SH:  5    Dex: 20    Spells: 11/33 levels left

rFire   . . .      SeeInvis .    V - +5 great sword (freeze)
rCold   . . .      Faith    .    (shield currently unavailable)
rNeg    . . .      Spirit   .    W - +2 swamp dragon scales
rPois   +          Reflect  +    J - +2 hat
rElec   .          Harm     .    z - scarf {+Inv}
rCorr   .          Rampage  .    b - +2 pair of gloves
Will    +....                    (boots unavailable)
Stlth   +                        C - amulet of reflection
HPRegen 0.33/turn                S - +5 ring of evasion
MPRegen 0.21/turn                a - +4 ring of protection

@: flying quickly and evasively, quick
A: beak, talons 3, nimble flight, dopey 1
a: Renounce Religion, Evoke Invisibility, Wall Jump, Serpent's Lash, Heavenly
Storm


You were on level 2 of the Shoals.
You worshipped Wu Jian.
Wu Jian was extremely pleased with you.
You visited 3 branches of the dungeon, and saw 17 of its levels.
You also visited: Sewer.

You collected 835 gold pieces.

Inventory:

Hand Weapons
 i - a +0 short sword of speed
 k - a +1 rapier of distortion
 A - a +0 great sword of freezing
 O - a +1 long sword of draining
 T - the +6 hand axe of Butchery {antimagic, rF- Dex+10}
   (You found it on level 8 of the Dungeon)

   Dex:       It affects your dexterity (+10).
   rF:        It makes you vulnerable to fire.
 V - a +5 great sword of freezing (weapon)
 X - the +11 Singing Sword {sonic wave}
   (You acquired it on level 5 of the Lair of Beasts)
Missiles
 d - 6 boomerangs of dispersal (quivered)
 h - 7 curare-tipped darts
 o - 52 poisoned darts
 L - 3 silver boomerangs
Armour
 b - a +2 pair of gloves (worn)
 z - a scarf of invisibility (worn)
 F - a +2 leather armour of cold resistance
 J - a +2 hat (worn)
 W - +2 swamp dragon scales (worn)
Jewellery
 a - a +4 ring of protection (right hand)
 C - an amulet of reflection (around neck)
 D - an amulet of regeneration
 M - a ring of resist corrosion
 S - a +5 ring of evasion (left hand)
 U - a ring of positive energy
Wands
 m - a wand of iceblast (7)
 r - a wand of quicksilver (7)
 x - a wand of digging (7)
 B - a wand of polymorph (12)
 N - a wand of paralysis (12)
 R - a wand of flame (14)
Scrolls
 e - 6 scrolls of teleportation
 q - a scroll of immolation
 u - 3 scrolls of fog
 v - 3 scrolls of vulnerability
 y - a scroll of magic mapping
 H - a scroll of silence
 K - a scroll of fear
 Q - 3 scrolls of torment
 Y - 3 scrolls of poison
Potions
 f - 2 potions of berserk rage
 g - 6 potions of might
 j - 8 potions of heal wounds
 l - 4 potions of lignification
 n - a potion of haste {unknown}
 p - 2 potions of brilliance {unknown}
 s - 3 potions of mutation {unknown}
 t - a potion of magic {unknown}
 w - 2 potions of cancellation {unknown}
 E - a potion of resistance {unknown}
 G - 2 potions of degeneration {unknown}
 I - 2 potions of invisibility {unknown}
 P - 7 potions of curing {unknown}
 Z - a potion of ambrosia {unknown}


   Skills:
 + Level 5.9 Fighting
 - Level 17.0 Long Blades
 - Level 0.9 Maces & Flails
 - Level 0.9 Polearms
 - Level 0.9 Ranged Weapons
 - Level 1.0 Throwing
 - Level 1.1 Armour
 - Level 9.1 Dodging
 - Level 1.3 Shields
 - Level 10.2 Spellcasting
 - Level 0.5 Hexes
 - Level 1.1 Summonings
 - Level 0.9 Necromancy
 - Level 9.0 Translocations
 - Level 0.5 Transmutations
 - Level 0.7 Fire Magic
 - Level 0.6 Ice Magic
 - Level 10.0 Air Magic
 - Level 0.4 Earth Magic
 - Level 0.5 Invocations


You had 11 spell levels left.
You knew the following spells:

 Your Spells              Type           Power      Damage    Failure   Level
a - Blink                 Tloc           50%        N/A       1%          2
b - Vhi's Electric Charg  Tloc/Air       52%        N/A       1%          3
c - Manifold Assault      Tloc           25%        N/A       7%          4
d - Lightning Bolt        Conj/Air       8%         1d20      71%         5
e - Kindle Blastsparks    Fire/Tloc/Air  40%        2d13      6%          3
f - Freezing Cloud        Conj/Ice/Air   6%         6-21      88%         5

Your spell library contained the following spells:

 Spells                   Type           Power      Damage    Failure   Level
 Apportation              Tloc           50%        N/A       1%          1
 Lesser Beckoning         Tloc           50%        N/A       1%          2
 Teleport Other           Tloc           25%        N/A       2%          3
 Static Discharge         Conj/Air       32%        2-4/arc   6%          2
 Portal Projectile        Hex/Tloc       32%        N/A       13%         3
 Summon Small Mammal      Summ           32%        N/A       19%         1
 Necrotise                Necr           28%        1d5       21%         1
 Slow                     Hex            24%        N/A       24%         1
 Sandblast                Erth           12%        2d6       26%         1
 Magic Dart               Conj           20%        1d4       30%         1
 Summon Lightning Spire   Summ/Air       17%        N/A       30%         4
 Ensorcelled Hibernation  Hex/Ice        12%        N/A       34%         2
 Passwall                 Tmut/Erth      5%         N/A       36%         2
 Searing Ray              Conj           10%        2d4       41%         2
 Iskenderun's Mystic Bla  Conj/Tloc      15%        2d5       43%         4
 Vampiric Draining        Necr           7%         2d6       52%         3
 Confusing Touch          Hex            6%         N/A       58%         3
 Ignite Poison            Fire/Tmut/Pois 6%         N/A       58%         3
 Dazzling Flash           Conj/Hex       12%        N/A       63%         3
 Spider Form              Tmut/Pois      6%         N/A       63%         3
 Stone Arrow              Conj/Erth      12%        3d7       63%         3
 Arcjolt                  Conj/Air       8%         1d18      71%         5
 Animate Dead             Necr           7%         N/A       90%         4
 Summon Ice Beast         Ice/Summ       7%         N/A       90%         4
 Anguish                  Hex/Necr       3%         N/A       91%         4
 Leda's Liquefaction      Hex/Erth       3%         N/A       94%         4
 Petrify                  Tmut/Erth      6%         N/A       94%         4
 Fulminant Prism          Conj/Hex       3%         3d5       95%         4
 Borgnjor's Vile Clutch   Necr/Erth      3%         N/A       99%         5
 Summon Mana Viper        Hex/Summ       7%         N/A       99%         5
 Alistair's Intoxication  Tmut/Pois      4%         N/A       100%        5
 Lee's Rapid Deconstruct  Erth           3%         3d5*      100%        5
 Metabolic Englaciation   Hex/Ice        3%         N/A       100%        5
 Eringya's Noxious Bog    Tmut/Pois      3%         N/A       100%        6
 Starburst                Conj/Fire      3%         6d3       100%        6
 Statue Form              Tmut/Erth      4%         N/A       100%        6
 Haunt                    Necr/Summ      3%         N/A       100%        7
 Monstrous Menagerie      Summ           4%         N/A       100%        7
 Spellforged Servitor     Conj/Summ      3%         N/A       100%        7
 Infestation              Necr           3%         N/A       100%        8


Dungeon Overview and Level Annotations

Branches:
Dungeon (10/15)            Temple (0/1) D:7            Lair (5/5) D:10
 Shoals (2/4) Lair:3        Snake (0/4) Lair:2        Slime (0/5) Lair:5
    Orc (0/2) D:9           Sewer (visited)

Altars:
Dithmenos
Makhleb
Nemelex Xobeh
Okawaru
Qazlal
Sif Muna
Uskayaw
Vehumet
Wu Jian
Xom
The Shining One
Jiyva
Lugonu

Portals:
Abyss: Lair:5

Annotations:
D:4 1 runed translucent door
Shoals:1 Kirke, Mlioglotl


Innate Abilities, Weirdness & Mutations

You have a beak for a mouth.
You have claws for feet.
Your magical nature lets you fly swiftly and evasively.
You are dopey. (Int -2)


Message History

The fire dragon closely misses you. The fire dragon misses you.
The fire dragon completely misses you.
You hit the fire dragon. You freeze the fire dragon.
The fire dragon is lightly wounded.
You are engulfed in a cloud of scalding steam.
The bush is engulfed in a cloud of scalding steam.
The fire dragon breathes flames at you. The blast of flame hits you!!!
Ouch! That really hurt!
* * * LOW HITPOINT WARNING * * *
The fire dragon barely misses you. The fire dragon claws you!
* * * LOW HITPOINT WARNING * * *
The fire dragon closely misses you.
Blink to where?
Press: ? - help, Dir - move target
As you read the scroll of blinking, it crumbles to dust.
There is a stone staircase leading down here.
You fly downwards.
Reactivating autopickup.
The alligator snapping turtle hisses angrily.
Found a flail and a wand of paralysis (3).
There is a stone staircase leading up here.
You slice the alligator snapping turtle!!
The alligator snapping turtle seems to slow down.
You freeze the alligator snapping turtle.
You claw the alligator snapping turtle, but do no damage.
The alligator snapping turtle is lightly wounded.
The dream sheep bleats!
You hit the alligator snapping turtle.
The alligator snapping turtle seems to slow down.
You freeze the alligator snapping turtle.
You claw the alligator snapping turtle, but do no damage.
The alligator snapping turtle is lightly wounded.
A cyclops comes into view.
The cyclops shouts!
You hit the alligator snapping turtle but do no damage.
You claw the alligator snapping turtle, but do no damage.
The alligator snapping turtle is lightly wounded.
The alligator snapping turtle bites you!
You die...

≈≈≈≈≈≈~~~~....
~≈≈≈≈≈~~~../C
~≈~~~~~~~...
~~~~~~~~~..
.~~~~~~~~.
.^.~~~...#
.........######
#.....t@......)
...............
..........~~~~~
........~~~≈≈~≈
.......~~~~~~~~
......~~~~~..~~
......~~≈≈≈≈≈≈≈
......~~≈≈≈≈≈≈≈


You could see an alligator snapping turtle (slow) and a cyclops.

Vanquished Creatures
  Gastronok (D:10)
  A merfolk impaler (Shoals:1)
  2 hydras (Lair:5)
  A boulder beetle (Lair:5)
  2 catoblepae
  Urug (D:10)
  2 thrashing horrors (Lair:5)
  4 sea snakes
  A death drake (shapeshifter) (Lair:5)
  3 fauns (Shoals:1)
  2 ugly things (Lair:5)
  A manticore (Lair:3)
  17 elephants
  5 black mambas
  A merfolk siren (Shoals:1)
  Joseph (D:9)
  2 smoke demons (Lair:5)
  Maggie (D:9)
  9 cane toads
  A rime drake (Lair:4)
  7 komodo dragons
  An ancient zyme (Lair:5)
  2 merfolk (Shoals:1)
  2 polar bears
  2 wind drakes
  A hornet (shapeshifter) (Lair:5)
  Prince Ribbit (D:7)
  2 snapping turtles (Shoals:1)
  31 blink frogs
  A ynoxinul (Lair:5)
  A water elemental (Shoals:1)
  2 spriggans (Lair:5)
  4 large abominations (Lair:5)
  Eustachio (D:4)
  3 wyverns
  5 hogs (Shoals:1)
  6 basilisks
  4 steam dragons
  A chaos spawn (Lair:5)
  37 yaks
  Menkaure (D:5)
  3 nagas (Lair:2)
  An acid dragon (D:7)
  19 water moccasins
  A sky beast (D:6)
  3 orc warriors
  6 wolves
  2 centaurs
  4 kobold brigands
  A phantom (D:4)
  13 small abominations (Lair:5)
  10 bullfrogs
  A scorpion (D:4)
  A necrophage (D:6)
  2 wights (D:9)
  4 killer bees (D:9)
  A howler monkey (D:9)
  An electric eel (Lair:1)
  7 hounds
  3 orc priests
  6 jellies
  Natasha (twice) (D:2)
  3 iguanas
  An orc wizard (D:9)
  5 hell rats (Lair:1)
  10 gnolls
  15 adders
  2 river rats (Sewer)
  2 shadow imps
  2 white imps
  2 ufetubi
  4 worms
  3 dart slugs
  16 orcs
  8 ball pythons
  8 endoplasms
  5 giant cockroaches
  11 goblins
  3 hobgoblins
  17 jackals
  4 quokkas
  5 bats
  4 frilled lizards
  20 kobolds
  7 rats
421 creatures vanquished.

Vanquished Creatures (others)
  28 fungi
  114 plants
142 creatures vanquished.

Grand Total: 563 creatures vanquished

Notes
Turn   | Place    | Note
-------+----------+-------------------------------------------
     0 | D:1      | Leeroy the Tengu Warper began the quest for the Orb.
     0 | D:1      | Reached XP level 1. HP: 12/12 MP: 4/4
   142 | D:1      | Reached skill level 3 in Long Blades
   142 | D:1      | Reached XP level 2. HP: 12/17 MP: 6/6
   392 | D:1      | Reached XP level 3. HP: 21/21 MP: 7/7
   590 | D:1      | Reached skill level 4 in Long Blades
   995 | D:2      | Reached XP level 4. HP: 26/26 MP: 8/8
  1033 | D:2      | Learned a level 2 spell: Blink
  1037 | D:2      | Learned a level 3 spell: Vhi's Electric Charge
  1101 | D:2      | Noticed Natasha
  1117 | D:2      | Killed Natasha
  1118 | D:2      | Reached skill level 5 in Long Blades
  1285 | D:2      | Noticed Natasha
  1293 | D:2      | Killed Natasha
  1294 | D:2      | Gained mutation: Your magical nature lets you fly swiftly
                  | and evasively. [Tengu growth]
  1294 | D:2      | Reached XP level 5. HP: 20/30 MP: 9/9
  1648 | D:3      | Found a shadowy altar of Dithmenos.
  1699 | D:3      | Found a glowing drain.
  1830 | Sewer    | Entered a sewer
  1909 | Sewer    | Reached skill level 6 in Long Blades
  2203 | Sewer    | Noticed a kobold brigand
  2214 | Sewer    | Killed a kobold brigand
  2215 | Sewer    | Reached skill level 7 in Long Blades
  2215 | Sewer    | Reached XP level 6. HP: 34/35 MP: 10/10
  2496 | D:3      | Found an ornate altar of the Wu Jian Council.
  2505 | D:3      | Became a worshipper of the Wu Jian Council
  3033 | D:3      | Found a shimmering altar of Xom.
  3045 | D:3      | Found a glowing golden altar of the Shining One.
  3105 | D:4      | Found a runed translucent door.
  3365 | D:4      | Reached XP level 7. HP: 26/40 MP: 11/11
  3439 | D:4      | Found a hide-covered altar of Uskayaw.
  3649 | D:4      | Reached skill level 5 in Dodging
  3769 | D:4      | Found an iron altar of Okawaru.
  3942 | D:4      | Noticed Eustachio
  3977 | D:4      | Killed Eustachio
  4102 | D:5      | Entered Level 5 of the Dungeon
  4102 | D:5      | Noticed Menkaure
  4106 | D:5      | Killed Menkaure
  4107 | D:5      | Reached XP level 8. HP: 40/44 MP: 8/12
  4238 | D:5      | Reached * piety under Wu Jian
  4304 | D:5      | Noticed a komodo dragon
  4371 | D:5      | Killed a komodo dragon
  4372 | D:5      | Reached skill level 1 in Shields
  4973 | D:6      | Learned a level 4 spell: Manifold Assault
  4987 | D:6      | Found a burning altar of Makhleb.
  4990 | D:6      | Reached skill level 1 in Air Magic
  5506 | D:7      | Found a shimmering blue altar of Sif Muna.
  5514 | D:7      | Reached skill level 5 in Air Magic
  5514 | D:7      | Reached XP level 9. HP: 42/48 MP: 13/13
  5568 | D:7      | Found a staircase to the Ecumenical Temple.
  5590 | D:7      | Reached ** piety under Wu Jian
  5694 | D:7      | Noticed Prince Ribbit
  5734 | D:7      | Killed Prince Ribbit
  5867 | D:7      | HP: 2/48 [acid dragon (5)]
  6279 | D:7      | Found a radiant altar of Vehumet.
  6779 | D:8      | Identified the +6 hand axe of Butchery {antimagic, rF-
                  | Dex+10}
  6878 | D:8      | Reached skill level 10 in Air Magic
  7179 | D:8      | Reached skill level 8 in Long Blades
  7914 | D:9      | Noticed Joseph
  7923 | D:9      | Killed Joseph
  7924 | D:9      | Reached skill level 9 in Long Blades
  7924 | D:9      | Reached XP level 10. HP: 52/53 MP: 10/14
  8028 | D:9      | Reached skill level 10 in Long Blades
  8117 | D:9      | Found a staircase to the Orcish Mines.
  8149 | D:9      | Found a sparkling altar of Nemelex Xobeh.
  8151 | D:9      | Found a stormy altar of Qazlal.
  8174 | D:9      | Reached skill level 11 in Long Blades
  8223 | D:9      | Noticed Maggie
  8225 | D:9      | Killed Maggie
  8225 | D:9      | Reached *** piety under Wu Jian
  8966 | D:10     | Entered Level 10 of the Dungeon
  9017 | D:10     | Noticed Urug
  9026 | D:10     | Killed Urug
  9027 | D:10     | Reached skill level 12 in Long Blades
  9060 | D:10     | Noticed Gastronok
  9182 | D:10     | Found a staircase to the Lair.
  9202 | D:10     | Killed Gastronok
  9203 | D:10     | Reached skill level 13 in Long Blades
  9203 | D:10     | Reached XP level 11. HP: 45/57 MP: 12/15
  9231 | D:10     | Noticed a two-headed ogre
  9260 | D:10     | Learned a level 5 spell: Lightning Bolt
  9261 | Lair:1   | Entered Level 1 of the Lair of Beasts
  9263 | Lair:1   | Reached skill level 14 in Long Blades
  9386 | Lair:1   | Noticed a catoblepas
  9392 | Lair:1   | Killed a catoblepas
  9522 | Lair:1   | Reached skill level 15 in Long Blades
 10078 | Lair:2   | Noticed a catoblepas
 10109 | Lair:2   | Killed a catoblepas
 10110 | Lair:2   | Reached skill level 1 in Summonings
 10234 | Lair:2   | Reached **** piety under Wu Jian
 10328 | Lair:2   | Found a staircase to the Snake Pit.
 10333 | Lair:2   | Reached XP level 12. HP: 62/62 MP: 18/18
 11116 | Lair:3   | Got the Spellbook of Stones and Summoning
 11232 | Lair:3   | Reached skill level 5 in Spellcasting
 11387 | Lair:3   | Reached skill level 5 in Translocations
 11566 | Lair:3   | Found a staircase to the Shoals.
 12473 | Lair:4   | Reached ***** piety under Wu Jian
 12475 | Lair:4   | Reached XP level 13. HP: 66/66 MP: 7/23
 12657 | Lair:4   | Learned a level 3 spell: Kindle Blastsparks
 12663 | Lair:4   | Learned a level 5 spell: Freezing Cloud
 13389 | Lair:5   | Entered Level 5 of the Lair of Beasts
 13970 | Lair:5   | Found a viscous altar of Jiyva.
 13974 | Lair:5   | Found a staircase to the Slime Pits.
 14193 | Lair:5   | Identified a scroll of acquirement
 14195 | Lair:5   | Acquired the +11 Singing Sword {sonic wave}
 14195 | Lair:5   | Found the +11 Singing Sword {sonic wave}
 14317 | Lair:5   | Reached skill level 10 in Spellcasting
 15423 | Lair:5   | Reached XP level 14. HP: 72/72 MP: 25/29
 15425 | Lair:5   | Reached skill level 16 in Long Blades
 15470 | Lair:5   | Got the Almanac of Accomplices and the Tesseract
 15641 | Lair:5   | Found a corrupted altar of Lugonu.
 15641 | Lair:5   | Found a one-way gate to the infinite horrors of the Abyss.
 15759 | Lair:5   | Reached skill level 17 in Long Blades
 15933 | Shoals:1 | Entered Level 1 of the Shoals
 16640 | Shoals:1 | Reached skill level 5 in Fighting
 16837 | Shoals:1 | Noticed Kirke
 16839 | Shoals:1 | Noticed Mlioglotl
 16856 | Shoals:1 | Gained mutation: You are dopey. (Int -2) [a neqoxec]
 16893 | Shoals:2 | Slain by an alligator snapping turtle

Illustrated notes

Levels and vault maps discovered:
D:1:      sevenhm_arrival_forest_fort_small_5, layout_loops_ring
D:2:      layout_basic, uniq_natasha
D:3:      layout_loops_ring, mainiacjoe_overflow_alcove_2,
          mainiacjoe_overflow_concentric_impassable, mainiacjoe_overflow_swirl,
          portal_sewer_entry_f
D:4:      kennysheep_goblin_castle, layout_basic, nicolae_uskayaw_dance_hall,
          overflow_temple_1_default, ebering_ghost_sewer_d, kennysheep_boxes,
          uniq_eustachio
D:5:      layout_rooms, minmay_crossroads, uniq_menkaure
D:6:      layout_rooms, makhleb_heckhound_becter, hellmonk_bongcloud_opening
D:7:      layout_loops_cross, mainiacjoe_overflow_surrounded_room,
          nicolae_sif_muna_condensation, minmay_temple_entry_wispy,
          uniq_prince_ribbit1
D:8:      layout_cave_pods
D:9:      layout_irregular_city, nicolae_overflow_hidden_temple, orc_0_dummy,
          uniq_joseph, uniq_maggie
D:10:     layout_cross, mainiacjoe_overflow_alcove_1, lair_entry_dummy,
          grunt_tough_drop, uniq_josephine, uniq_gastronok, uniq_urug
Lair:1:   layout_misc_corridors, gauntlet_entry_generic,
          infiniplex_staircase_pool
Lair:2:   layout_gridlike, nicolae_snake_entry_squirm
Lair:3:   layout_chaotic_city, minmay_shoals_entry_beasts
Lair:4:   layout_gridlike, grunt_megastairs_3
Lair:5:   hellmonk_lair_end_abyssal_woods, layout_loops_ring,
          nicolae_slime_entry_field_trip
Shoals:1: argonaut_golden_fleece, layout_shoals, uniq_mlioglotl, uniq_kirke
Shoals:2: cheibrodos_shoals_gigantism, layout_shoals, lemuel_altar_in_water,
          nicolae_shoals_seven_spires

Skill      XL: |  1  2  3  4  5  6  7  8  9 10 11 12 13 14 |
---------------+-------------------------------------------+-----
Long Blades    | 3 4 5 7 9 13 15 17 | 17.0
Dodging        | 4 7 9 |  9.1
Shields        | 1 |  1.3
Air Magic      | 5 10 | 10.0
Summonings     | 1 |  1.1
Spellcasting   | 3 6 10 | 10.2
Translocations | 3 8 9 |  9.0
Fighting       | 5 |  5.9
Maces & Flails | |  0.9
Polearms       | |  0.9
Ranged Weapons | |  0.9
Throwing       | |  1.0
Armour         | |  1.1
Hexes          | |  0.5
Necromancy     | |  0.9
Transmutations | |  0.5
Fire Magic     | |  0.7
Ice Magic      | |  0.6
Earth Magic    | |  0.4
Invocations    | |  0.5

Action                   |  1- 3 |  4- 6 |  7- 9 | 10-12 | 13-15 || total
-------------------------+-------+-------+-------+-------+-------++-------
Melee: Falchion          |    40 |       |       |       |       ||    40
       Kick              |    30 |    86 |   179 |   125 |   144 ||   564
       Short sword       |    45 |   243 |   505 |       |    11 ||   804
       Peck              |     7 |    37 |   121 |    85 |    86 ||   336
       Punch             |       |     3 |     9 |       |       ||    12
       Unarmed           |       |       |     5 |       |       ||     5
       Great sword       |       |       |     3 |   426 |   363 ||   792
       Double sword      |       |       |       |       |    56 ||    56
Throw: Dart              |       |     1 |    10 |       |       ||    11
       Boomerang         |       |       |     1 |       |       ||     1
 Cast: Vhi's Electric Ch |       |       |    16 |    17 |    37 ||    70
       Manifold Assault  |       |       |       |     5 |    19 ||    24
       Kindle Blastspark |       |       |       |       |     3 ||     3
       Blink             |       |       |       |       |     2 ||     2
Invok: Lunge             |       |     8 |    28 |    30 |    24 ||    90
       Whirlwind         |       |       |    26 |    87 |    50 ||   163
       Serpent's Lash    |       |       |       |       |     3 ||     3
 Abil: Wall Jump         |       |       |       |     4 |     6 ||    10
Evoke: Wand              |       |       |     1 |     1 |       ||     2
  Use: Scroll            |       |     4 |     6 |     9 |    13 ||    32
       Potion            |       |       |     2 |       |       ||     2
 Stab: Sleeping          |     1 |     1 |     1 |     1 |       ||     4
       Distracted        |       |       |     1 |       |       ||     1
       Petrified         |       |       |       |     2 |       ||     2
       Petrifying        |       |       |       |     1 |       ||     1
Armor: Leather armour    |    14 |    21 |    17 |       |       ||    52
       Steam dragon scal |       |       |     7 |       |       ||     7
       Swamp dragon scal |       |       |       |    57 |    95 ||   152
Dodge: Dodged            |    44 |    71 |   192 |   270 |   317 ||   894
Block: Other             |       |       |    43 |    70 |    58 ||   171
       Reflection        |       |       |     4 |     2 |     2 ||     8

Table legend: (Time is in decaauts)
 A = Elapsed time spent in this place.
 B = Non-inter-level travel time spent in this place.
 C = Inter-level travel time spent in this place.
 D = Time resting spent in this place.
 E = Time spent auto-exploring this place.
 F = Levels seen in this place.
 G = Mean time per level.
                   A        B        C        D        E       F      G
               +--------+--------+--------+--------+--------+-----+--------+
         Total |  15694 |  15008 |    686 |   1754 |  10091 |  18 |  871.9 |
       Dungeon |   7923 |   7523 |    400 |    528 |   5379 |  10 |  792.3 |
          Lair |   6726 |   6440 |    286 |   1050 |   4211 |   5 | 1345.2 |
        Shoals |    494 |    494 |      0 |    175 |    132 |   2 |  247.0 |
         Sewer |    549 |    549 |      0 |      0 |    368 |   1 |  549.0 |
               +--------+--------+--------+--------+--------+-----+--------+

Top non-repeatable levels by time:
  Lair:5: 1991 daAuts
  Lair:3: 1543 daAuts
  Lair:4: 1475 daAuts
     D:8: 1251 daAuts
     D:7: 1093 daAuts
  Lair:2: 997 daAuts
     D:9: 918 daAuts
     D:4: 846 daAuts
     D:3: 814 daAuts
     D:2: 812 daAuts
     D:1: 729 daAuts
  Lair:1: 719 daAuts
     D:5: 672 daAuts
   Sewer: 549 daAuts
     D:6: 513 daAuts
